 Dungeon Crawl Stone Soup version 0.28.0 (webtiles) character file.

Game seed: 17459048355617259615

1649 Kaptain the Digger (level 9, -2/52 HPs)
             Began as a Gargoyle Earth Elementalist on Feb 14, 2022.
             Killed from afar by a steam dragon (22 damage)
             ... with a ball of steam
             ... on level 5 of the Dungeon.
             The game lasted 00:18:34 (6650 turns).

Kaptain the Digger (Gargoyle Earth Elementalist)    Turns: 6650, Time: 00:18:34

Health: -2/52      AC: 13    Str: 11    XL:     9   Next: 0%
Magic:  1/16       EV: 16    Int: 21    God:
Gold:   245        SH:  5    Dex: 10    Spells: 13/17 levels left

rFire   . . .      SeeInvis .   f - +4 dire flail (vorpal)
rCold   . . .      Faith    .   (shield currently unavailable)
rNeg    + . .      Spirit   .   m - +0 leather armour
rPois   ∞          Reflect  +   (no helmet)
rElec   +          Harm     .   (no cloak)
rCorr   +          Rampage  .   a - +2 pair of gloves
Will    .....                   (no boots)
Stlth   ++........              i - amulet of reflection
HPRegen 0.17/turn               c - +4 ring of evasion
MPRegen 0.15/turn               b - ring of resist corrosion

@: no status effects
A: sickness immunity, AC +6, negative energy resistance 1, electricity
resistance, torment resistance 1, petrification resistance
a: no special abilities


You were on level 5 of the Dungeon.
You visited 2 branches of the dungeon, and saw 9 of its levels.
You also visited: Ossuary.

You collected 256 gold pieces.
You spent 11 gold pieces at shops.

Inventory:

Hand Weapons
 f - a +4 vorpal dire flail (weapon)
 j - a +1 short sword of flaming
 l - a +0 dagger of venom
Missiles
 k - 136 stones
Armour
 a - a +2 pair of gloves (worn)
 m - a +0 leather armour (worn)
Jewellery
 b - a ring of resist corrosion (right hand)
 c - a +4 ring of evasion (left hand)
 i - an amulet of reflection (around neck)
 x - a ring of fire
Wands
 t - a wand of polymorph (14)
Scrolls
 h - a scroll of identify
 n - 3 scrolls of immolation
 o - 3 scrolls of magic mapping
 p - 3 scrolls of teleportation
 s - a scroll of enchant weapon
 v - 2 scrolls of acquirement
Potions
 d - a potion of mutation
 e - 2 potions of invisibility
 g - a potion of flight
 q - a potion of resistance
 r - a potion of haste
 u - a potion of lignification
 w - a potion of curing


   Skills:
 + Level 3.6 Fighting
 + Level 3.5 Armour
 + Level 3.2 Dodging
 + Level 4.5 Stealth
 * Level 4.9 Spellcasting
 * Level 5.0 Conjurations
 - Level 0.7 Transmutations
 * Level 7.0 Earth Magic


You had 13 spell levels left.
You knew the following spells:

 Your Spells              Type           Power      Damage    Failure   Level
a - Sandblast             Erth           68%        2d15      1%          1
b - Stone Arrow           Conj/Erth      60%        3d10      3%          3

Your spell library contained the following spells:

 Spells                   Type           Power      Damage    Failure   Level
 Passwall                 Tmut/Erth      17%        N/A       4%          2
 Corpse Rot               Necr/Air       10%        N/A       22%         2
 Poisonous Vapours        Pois/Air       10%        N/A       22%         2
 Petrify                  Tmut/Erth      21%        N/A       28%         4
 Summon Guardian Golem    Hex/Summ       5%         N/A       38%         3
 Orb of Destruction       Conj           13%        9d7       100%        7
 Spellforged Servitor     Conj/Summ      7%         N/A       100%        7


Dungeon Overview and Level Annotations

Branches:
Dungeon (8/15)             Temple (1/1) D:5         Ossuary (visited)
   Lair: D:8-11

Altars:
Ashenzari
Cheibriados
Dithmenos
Fedhas
Gozag
Hepliaklqana
Kikubaaqudgha
Makhleb
Qazlal
Ru
Sif Muna
Trog
Uskayaw
Xom
Zin
The Shining One

Shops:
D:1 ?


Innate Abilities, Weirdness & Mutations

You are immune to sickness and miasma.
Your stone body is resilient. (AC +6)
You are immune to poison.
You resist negative energy. (rN+)
You are resistant to electric shocks. (rElec)
You are resistant to unholy torment.
You are immune to petrification.


Message History

Unknown command.
You feel better.
A nearby fungus withers and dies.
You block the steam dragon's attack.
The steam dragon claws you but does no damage.
The steam dragon breathes steam at you. The ball of steam misses you.
Casting: Stone Arrow (dangerous; 4% risk of failure)
Confirm with . or Enter, or press ? or * to list all spells.
Aiming: Sandblast (safe; 1% risk of failure)
Press: ? - help, Shift-Dir - straight line, f/p - steam dragon
Aim: a steam dragon (almost dead, catching its breath, 82% to hit)
The blast of sand hits the steam dragon!
You kill the steam dragon!
You are engulfed in a cloud of scalding steam.
A nearby fungus withers and dies.
The steam dragon bites you but does no damage.
The steam dragon claws you but does no damage.
Your Conjurations skill increases to level 5!
Your Earth Magic skill increases to level 7!
You have reached level 9!
Your experience leads to an increase in your attributes!
Increase (S)trength, (I)ntelligence, or (D)exterity?
You feel clever. x2
The fungus is engulfed in a cloud of scalding steam.
The fungus begins to die.
The steam dragon breathes steam at you. The ball of steam hits you.
* * * LOW HITPOINT WARNING * * *
The steam dragon completely misses you. The steam dragon barely misses you.
Your magical contamination has completely faded away.
You feel better. The steam dragon barely misses you.
You block the steam dragon's attack.
You closely miss the steam dragon.
A nearby fungus withers and dies.
The steam dragon bites you but does no damage.
You block the steam dragon's attack.
You hit the steam dragon.
The steam dragon is moderately wounded.
The steam dragon breathes steam at you. The ball of steam hits you!!
You die...

#^.≈#.......#####
#..P#.......#
##≈.#.......#
#§§##......#######
#≈.##.............
#§..#.....####....
#..^#.#.#.........
#.§§#.#.##.###....
#@.≈#.#.######....
#D.§#.....).......
##P..###.######....
#≈≈..P##.# #....
#P≈..≈^##.# ###.#
#.P.....P#.# #.#
#≈.....≈≈#.#### #..
#≈≈.....##....# ###
##≈...P.#####.#


You could see a steam dragon (catching breath).

Vanquished Creatures
  Grinder (D:4)
  A wraith (Ossuary)
  A steam dragon (D:5)
  An acid dragon (D:6)
  A phantom (D:5)
  A centaur (D:8)
  A bullfrog (D:7)
  Blork the orc (D:4)
  A scorpion (D:6)
  A water moccasin skeleton (D:5)
  2 hounds
  A human zombie (Ossuary)
  An orc priest (D:3)
  2 bullfrog skeletons (D:6)
  A jelly (D:4)
  2 iguanas (D:4)
  Ijyb (D:4)
  4 orc wizards
  A killer bee zombie (D:7)
  A hound skeleton (D:5)
  3 mummies (Ossuary)
  7 adders
  A white imp (D:5)
  An ufetubus (D:3)
  An adder skeleton (D:4)
  2 worms
  3 dart slugs
  10 orcs
  9 bats
  5 endoplasms
  4 giant cockroaches
  14 hobgoblins
  4 jackals (D:2)
  5 kobolds
  2 quokkas
  11 ball pythons
  3 frilled lizards
  8 goblins
  A goblin zombie (Ossuary)
  2 hobgoblin zombies (Ossuary)
  3 kobold zombies (Ossuary)
  15 rats
140 creatures vanquished.

Vanquished Creatures (others)
  4 fungi (D:5)
  A plant (D:3)
5 creatures vanquished.

Grand Total: 145 creatures vanquished

Notes
Turn   | Place    | Note
-------+----------+-------------------------------------------
     0 | D:1      | Kaptain the Gargoyle Earth Elementalist began the quest for
                  | the Orb.
     0 | D:1      | Reached XP level 1. HP: 10/10 MP: 3/3
   195 | D:1      | Found Iliff's Magic Scroll Boutique.
   200 | D:1      | Bought a scroll of noise for 11 gold pieces
   204 | D:1      | Reached XP level 2. HP: 15/15 MP: 1/5
   325 | D:1      | Found a faded altar of an unknown god.
   604 | D:1      | Reached skill level 4 in Earth Magic
   674 | D:1      | Reached XP level 3. HP: 20/20 MP: 2/6
   715 | D:1      | Learned a level 3 spell: Stone Arrow
   931 | D:1      | Reached skill level 1 in Fighting
  1718 | D:2      | Reached XP level 4. HP: 19/25 MP: 7/7
  1745 | D:2      | Reached skill level 1 in Conjurations
  1837 | D:2      | Reached skill level 1 in Armour
  2381 | D:3      | Reached XP level 5. HP: 29/29 MP: 6/8
  2752 | D:3      | Found a blossoming altar of Fedhas.
  2855 | D:3      | Reached XP level 6. HP: 35/35 MP: 6/10
  3200 | D:4      | Found a sand-covered staircase.
  3206 | Ossuary  | Entered an ossuary
  3206 | Ossuary  | Noticed a wraith
  3206 | Ossuary  | Noticed a wraith
  3206 | Ossuary  | Noticed a wraith
  3249 | Ossuary  | Reached skill level 5 in Earth Magic
  3657 | Ossuary  | Noticed a wraith
  3676 | Ossuary  | Killed a wraith
  3677 | Ossuary  | Reached XP level 7. HP: 30/40 MP: 1/12
  3813 | D:4      | Noticed Blork the orc
  3819 | D:4      | Killed Blork the orc
  4462 | D:4      | Noticed Ijyb
  4487 | D:4      | Killed Ijyb
  4614 | D:4      | Noticed Grinder
  4645 | D:4      | Killed Grinder
  4646 | D:4      | Reached skill level 6 in Earth Magic
  4646 | D:4      | Reached XP level 8. HP: 18/45 MP: 0/14
  5010 | D:5      | Entered Level 5 of the Dungeon
  5438 | D:5      | Found a staircase to the Ecumenical Temple.
  5450 | Temple   | Entered the Ecumenical Temple
  5917 | D:5      | You fall into a shaft and drop 3 floors!
  5961 | D:8      | Identified 2 scrolls of acquirement
  6645 | D:5      | Reached skill level 5 in Conjurations
  6645 | D:5      | Reached skill level 7 in Earth Magic
  6645 | D:5      | Reached XP level 9. HP: 18/52 MP: 0/16
  6650 | D:5      | Killed from afar by a steam dragon

Illustrated notes

Levels and vault maps discovered:
D:1:      psy_arrival_radial02, layout_loops_ring, shapermc_ecumenical_altar_gd,
          serial_shops, shop, serial_park_tiny_1, minmay_rat_gold_closets
D:2:      layout_basic, st_stairs_12
D:3:      layout_basic, fedhas_ov_isle_minmay, kennysheep_crisscross,
          minmay_misc_feat_five
D:4:      layout_basic, lightli_ossuary_entry_decrepit_ruins,
          kennysheep_cluttered_room, kennysheep_small_circle, uniq_ijyb,
          uniq_grinder, uniq_blork_the_orc
D:5:      kennysheep_steamy, layout_basic, minmay_temple_entry_gardened_gates,
          roderic_malta_cross, minivault_27
D:6:      layout_loops_ring, kennysheep_generic_room_9
D:7:      minmay_skewed_foursquare, layout_cave_pods, serial_shops,
          nicolae_shop_crystal
D:8:      layout_basic, nicolae_overflow_hallway_of_the_gods, serial_shops,
          nicolae_square_shop, nicolae_shop_crystal, shop, uniq_pikel
Temple:   regret_index_temple_generic_petals

Skill      XL: |  1  2  3  4  5  6  7  8 |
---------------+-------------------------+-----
Earth Magic    | 4 5 6 7 |  7.0
Fighting       | 1 2 3 |  3.6
Conjurations   | 1 2 3 5 |  5.0
Armour         | 1 2 3 |  3.5
Dodging        | 2 3 |  3.2
Stealth        | 3 4 |  4.5
Spellcasting   | 3 4 |  4.9
Transmutations | |  0.7

Action                   |  1- 3 |  4- 6 |  7- 9 || total
-------------------------+-------+-------+-------++-------
Melee: Dagger            |    46 |    32 |       ||    78
       Short sword       |    62 |    74 |     4 ||   140
       Dire flail        |       |       |    76 ||    76
       Unarmed           |       |       |    22 ||    22
 Cast: Sandblast         |    37 |    55 |     7 ||    99
       Stone Arrow       |       |     7 |    25 ||    32
  Use: Scroll            |       |     8 |    10 ||    18
       Potion            |       |     8 |     3 ||    11
 Stab: Sleeping          |     5 |     1 |     4 ||    10
       Confused          |       |       |     1 ||     1
Armor: Robe              |    36 |    10 |       ||    46
       Leather armour    |       |    36 |    34 ||    70
       Skin              |       |       |     2 ||     2
Dodge: Dodged            |    64 |    57 |    91 ||   212
Block: Other             |    12 |    29 |    35 ||    76
       Reflection        |       |       |     1 ||     1
